 Dungeon Crawl Stone Soup version 0.27-a0-1301-g128193abf8 (webtiles) character file.

Game seed: 723730957858140036

28063 DasRunzen the Carver (level 12, -6/103 HPs)
             Began as a Demigod Gladiator on June 14, 2021.
             Mangled by a black mamba (7 damage)
             ... on level 3 of the Lair of Beasts on June 17, 2021.
             The game lasted 00:49:18 (21829 turns).

DasRunzen the Carver (Demigod Gladiator)           Turns: 21829, Time: 00:49:18

Health: -6/103     AC: 15    Str: 25    XL:     12   Next: 73%
Magic:  18/18      EV: 20    Int: 24    God:
Gold:   1068       SH:  5    Dex: 27    Spells: 20/25 levels left

rFire    + . .     SeeInvis .   a - +3 long sword
rCold    + + .     Faith    .   (no shield)
rNeg     + + +     Spirit   .   A - +2 robe {rC+}
rPois    .         Reflect  +   c - +2 helmet
rElec    .         Harm     .   q - +1 cloak
rCorr    .         Rampage  .   (no gloves)
Will     +....                  y - +0 pair of boots
Stlth    ++........             n - amulet of reflection
HPRegen  0.27/turn              K - ring "Gayrghail" {rF+ rN+ MP-9 Str+6 Dex+4}
MPRegen  0.16/turn              b - ring of Osutuparpho {rN++ AC+4 Int+4 Dex+4}

@: no status effects
A: high mp 1, forlorn, talons 1, clever 1, cold resistance 1, no potion heal 1
a: no special abilities


You were on level 3 of the Lair of Beasts.
You visited 2 branches of the dungeon, and saw 14 of its levels.
You visited the Abyss 1 time.

You collected 1068 gold pieces.

Inventory:

Hand Weapons
 a - a +3 long sword (weapon)
 L - the +0 staff of Battle
   (You found it on level 10 of the Dungeon)
 N - a +0 scimitar of flaming
Missiles
 w - 40 poisoned darts (quivered)
Armour
 c - a +2 helmet (worn)
 d - a scarf of invisibility
 q - a +1 cloak (worn)
 y - a +0 pair of boots (worn)
 A - a +2 robe of cold resistance (worn)
 I - a +0 troll leather armour
 J - a +0 buckler
Jewellery
 b - the ring of Osutuparpho (right hand) {rN++ AC+4 Int+4 Dex+4}
   (You acquired it on level 9 of the Dungeon)

   [ring of protection]

   It affects your AC (+4).
   It affects your intelligence (+4).
   It affects your dexterity (+4).
   It greatly protects you from negative energy.
 f - a ring of positive energy
 j - a +6 ring of strength
 k - a ring of willpower
 m - an amulet of magic regeneration
 n - an amulet of reflection (around neck)
 o - an amulet of the acrobat
 E - a ring of ice
 K - the ring "Gayrghail" (left hand) {rF+ rN+ MP-9 Str+6 Dex+4}
   (You found it on level 10 of the Dungeon)

   [ring of positive energy]

   It affects your strength (+6).
   It affects your dexterity (+4).
   It protects you from fire.
   It protects you from negative energy.
   It affects your magic capacity (-9).
 M - a +6 ring of intelligence
Wands
 u - a wand of mindburst (24)
 v - a wand of iceblast (21)
 G - a wand of flame (16)
Scrolls
 e - 6 scrolls of teleportation
 p - a scroll of silence
 t - 4 scrolls of amnesia
 H - 2 scrolls of fear
Potions
 g - 5 potions of haste
 h - a potion of brilliance
 i - 3 potions of ambrosia
 l - a potion of cancellation
 r - 4 potions of magic
 s - 4 potions of curing
 x - 2 potions of berserk rage
 z - a potion of heal wounds
 B - 3 potions of might
 F - a potion of attraction {unknown}
 O - a potion of flight {unknown}


   Skills:
 + Level 8.3 Fighting
 + Level 8.6 Long Blades
 - Level 1.7 Throwing
 + Level 8.0 Armour
 + Level 8.5 Dodging
 + Level 4.6 Shields
 + Level 7.2 Spellcasting
 + Level 7.8 Conjurations
 - Level 3.0 Air Magic
 - Level 3.0 Poison Magic


You had 20 spell levels left.
You knew the following spells:

 Your Spells              Type           Power      Damage    Failure   Level
a - Searing Ray           Conj           92%        3d6       1%          2
b - Mephitic Cloud        Conj/Pois/Air  30%        N/A       3%          3

Your spell library contained the following spells:

 Spells                   Type           Power      Damage    Failure   Level
 Magic Dart               Conj           100%       1d8       1%          1
 Poisonous Vapours        Pois/Air       46%        N/A       3%          2
 Conjure Flame            Conj/Fire      27%        6-21      4%          3
 Dazzling Flash           Conj/Hex       54%        N/A       4%          3
 Apportation              Tloc           16%        N/A       7%          1
 Freeze                   Ice            32%        1d5       7%          1
 Fulminant Prism          Conj/Hex       13%        3d9       14%         4
 Hailstorm                Conj/Ice       27%        3d7       14%         4
 Iskenderun's Mystic Bla  Conj/Tloc      27%        2d7       14%         4
 Frozen Ramparts          Ice            16%        1d3       22%         3
 Lesser Beckoning         Tloc           4%         N/A       22%         3
 Ozocubu's Armour         Ice            8%         N/A       22%         3
 Tukima's Dance           Hex            8%         N/A       22%         3
 Freezing Cloud           Conj/Ice/Air   13%        6-21      41%         5
 Alistair's Intoxication  Tmut/Pois      10%        N/A       71%         5
 Metabolic Englaciation   Hex/Ice        4%         N/A       89%         5
 Invisibility             Hex            4%         N/A       100%        6


Dungeon Overview and Level Annotations

Branches:
Dungeon (11/15)            Temple (0/1) D:6            Lair (3/6) D:11
    Orc (0/2) D:9
  Swamp: Lair:2-4    Shoals: Lair:2-4     Snake: Lair:2-4    Spider: Lair:2-4

Shops:
D:7 !

Annotations:
Lair:1 3 runed translucent doors, Glokmah's ghost, journeyman DjIE


Innate Abilities, Weirdness & Mutations

Your attributes grow dramatically as you level up.
You have an increased reservoir of magic. (+10% MP)
You shall have no god before yourself.
You have sharp toenails.
Your mind is acute. (Int +2)
Your flesh is cold resistant. (rC+)
Potions are less effective at restoring your health.


Message History

The black mamba is heavily wounded.
The black mamba misses you. The black mamba completely misses you.
You hit the black mamba but do no damage.
The black mamba is heavily wounded.
The black mamba completely misses you.
You riposte.
You slash the black mamba!
The black mamba is almost dead.
The black mamba completely misses you.
You hit the black mamba.
The black mamba is almost dead.
The black mamba bites you.
* * * LOW HITPOINT WARNING * * *
The black mamba bites you!
* * * LOW HITPOINT WARNING * * *
Unknown command.
Your system partially rejects the healing.
You feel much better. The black mamba completely misses you.
You barely miss the black mamba.
The black mamba is almost dead.
The black mamba bites you.
* * * LOW HITPOINT WARNING * * *
The black mamba bites you.
* * * LOW HITPOINT WARNING * * *
Unknown command.
Your system partially rejects the healing.
You feel much better. The black mamba closely misses you.
You riposte.
You barely miss the black mamba.
The black mamba is almost dead.
The komodo dragon closely misses you.
You riposte.
You hit the komodo dragon.
The komodo dragon is lightly wounded.
The black mamba closely misses you.
You hit the black mamba.
The black mamba is almost dead.
The black mamba barely misses you.
The komodo dragon bites you but does no damage.
You closely miss the black mamba.
The black mamba is almost dead.
The black mamba misses you. The komodo dragon bites you!!
* * * LOW HITPOINT WARNING * * *
The black mamba bites you!
You die...

#####+###..#
###.P###.#
...(...).##
..........#
.........##
.........#
...........#
..........##
......l@..# .....
#.##P.##S## .....
#.##..##..# ......
#.....##..# ......
#.....##..#
......##.....#..##
........#.....#..#
.......##.....#.P#
................##


You could see a komodo dragon and a black mamba.

Vanquished Creatures
  Erolcha (D:10)
  3 hydras
  2 boulder beetles
  A centaur warrior (D:11)
  3 two-headed ogres (D:9)
  Erica (D:11)
  Pikel (D:9)
  A manticore (D:11)
  5 black mambas (Lair:3)
  An elephant (Lair:1)
  Joseph (D:10)
  8 cane toads
  A gargoyle (D:11)
  2 komodo dragons
  2 tengu conjurers (D:10)
  A troll (D:10)
  Grinder (D:3)
  9 blink frogs
  2 dream sheep (Lair:2)
  4 spriggans (Lair:2)
  34 yaks
  A vampire (D:10)
  2 steam dragons
  10 water moccasins
  2 acid dragons
  Menkaure (D:7)
  3 black bears
  3 ice beasts
  4 orc warriors
  3 necrophages
  11 centaurs
  4 bullfrogs
  3 scorpions
  2 water moccasin zombies (D:6)
  5 wights
  5 electric eels (D:7)
  A lava snake (Lair:1)
  3 howler monkeys (D:8)
  2 bullfrog zombies (D:7)
  3 centaur zombies
  A hound (D:6)
  A jelly (D:6)
  4 orc priests
  A bullfrog skeleton (D:7)
  An iguana (D:4)
  12 orc wizards
  A scorpion zombie (D:5)
  4 gnolls
  7 adders
  3 white imps
  2 ufetubi
  A worm (D:3)
  2 dart slugs (D:3)
  20 orcs
  6 bats
  12 endoplasms
  A giant cockroach (D:3)
  4 goblins
  5 hobgoblins
  4 jackals (D:3)
  9 kobolds
  A quokka (D:2)
  6 ball pythons
  A frilled lizard (D:2)
  4 rats
265 creatures vanquished.

Vanquished Creatures (others)
  33 fungi
  83 plants
116 creatures vanquished.

Grand Total: 381 creatures vanquished

Notes
Turn   | Place    | Note
-------+----------+-------------------------------------------
     0 | D:1      | DasRunzen the Demigod Gladiator began the quest for the
                  | Orb.
     0 | D:1      | Reached XP level 1. HP: 17/17 MP: 3/3
   220 | D:1      | Reached XP level 2. HP: 14/24 MP: 4/4
  1093 | D:2      | Upgraded the game from 0.27-a0-1281-ge233d83751 to
                  | 0.27-a0-1290-g15d3ce7508
  1178 | D:2      | Reached XP level 3. HP: 16/29 MP: 6/6
  1332 | D:2      | Learned a level 2 spell: Searing Ray
  1395 | D:2      | Reached skill level 1 in Armour
  1583 | D:3      | Upgraded the game from 0.27-a0-1290-g15d3ce7508 to
                  | 0.27-a0-1296-g8ece459b43
  1645 | D:3      | Reached skill level 1 in Spellcasting
  1946 | D:3      | Reached XP level 4. HP: 33/37 MP: 6/8
  1999 | D:3      | Noticed Grinder
  2026 | D:3      | Killed Grinder
  2027 | D:3      | Reached skill level 1 in Conjurations
  2027 | D:3      | Reached XP level 5. HP: 40/44 MP: 8/10
  2738 | D:4      | Reached XP level 6. HP: 42/51 MP: 11/11
  3465 | D:4      | Identified a scroll of acquirement
  3465 | D:4      | Acquired an amulet of reflection
  3517 | D:5      | Entered Level 5 of the Dungeon
  3537 | D:5      | Reached XP level 7. HP: 39/57 MP: 13/13
  5971 | D:6      | Found a staircase to the Ecumenical Temple.
  6284 | D:6      | Reached XP level 8. HP: 46/62 MP: 15/15
  8338 | D:7      | Found Xaluekomp's Distillery.
  8572 | D:7      | Reached skill level 5 in Long Blades
  8617 | D:7      | Reached skill level 5 in Dodging
  8914 | D:7      | Noticed Menkaure
  8919 | D:7      | Killed Menkaure
  9802 | D:8      | Reached XP level 9. HP: 73/73 MP: 18/18
  9882 | D:8      | Reached skill level 5 in Fighting
 10216 | D:9      | Noticed a two-headed ogre
 10227 | D:9      | Killed a two-headed ogre
 10228 | D:9      | Reached skill level 5 in Armour
 10420 | D:9      | Reached skill level 5 in Conjurations
 10595 | D:9      | Acquired the ring of Osutuparpho {rN++ AC+4 Int+4 Dex+4}
 11055 | D:9      | Reached XP level 10. HP: 72/83 MP: 21/21
 11137 | D:9      | Reached skill level 5 in Spellcasting
 11346 | D:9      | Noticed a two-headed ogre
 11354 | D:9      | Killed a two-headed ogre
 11428 | D:9      | Noticed Pikel
 11454 | D:9      | Killed Pikel
 12013 | D:9      | Learned a level 3 spell: Mephitic Cloud
 12020 | D:9      | Found a staircase to the Orcish Mines.
 12245 | D:10     | Entered Level 10 of the Dungeon
 12245 | D:10     | Noticed Erolcha
 12260 | D:10     | Cast into level 1 of the Abyss (Erolcha)
 12283 | D:10     | Escaped the Abyss
 12297 | D:10     | Killed Erolcha
 12493 | D:10     | Reached skill level 1 in Poison Magic
 12652 | D:10     | Reached skill level 1 in Air Magic
 12720 | D:10     | Noticed a two-headed ogre
 12722 | D:10     | Noticed Joseph
 13090 | D:9      | Killed a two-headed ogre
 13861 | D:10     | Killed Joseph
 13940 | D:10     | Found the +0 staff of Battle
 13947 | D:10     | Reached XP level 11. HP: 91/91 MP: 20/23
 14044 | D:10     | Identified the ring "Gayrghail" {rF+ rN+ MP-9 Str+6 Dex+4}
 14456 | D:10     | Reached skill level 1 in Shields
 14688 | D:11     | Noticed a centaur warrior
 14711 | D:11     | Killed a centaur warrior
 15187 | D:11     | Found a staircase to the Lair.
 15257 | D:11     | Noticed a boulder beetle
 16029 | D:11     | Noticed Erica
 16048 | D:11     | Killed Erica
 16202 | D:11     | Killed a boulder beetle
 16318 | Lair:1   | Entered Level 1 of the Lair of Beasts
 16318 | Lair:1   | Noticed an eight-headed hydra
 16329 | Lair:1   | Killed a four-headed hydra
 16967 | Lair:1   | Found a runed translucent gate.
 16967 | Lair:1   | Found a runed translucent gate.
 16967 | Lair:1   | Found a runed translucent gate.
 16969 | Lair:1   | Noticed Glokmah's ghost (journeyman DjIE)
 17813 | Lair:1   | Reached XP level 12. HP: 100/100 MP: 17/26
 17928 | Lair:1   | Noticed a seven-headed hydra
 17942 | Lair:1   | Killed a one-headed hydra
 18379 | Lair:2   | Noticed a boulder beetle
 19537 | Lair:1   | Upgraded the game from 0.27-a0-1296-g8ece459b43 to
                  | 0.27-a0-1301-g128193abf8
 20373 | Lair:2   | Noticed a four-headed hydra
 20384 | Lair:2   | Killed a one-headed hydra
 20420 | Lair:2   | Killed a boulder beetle
 20577 | Lair:2   | Identified the +8 mace of Xeisodomp {antimagic, Fly rElec
                  | rPois rC+}
 21498 | Lair:3   | Gained mutation: Your flesh is cold resistant. (rC+)
                  | [potion of mutation]
 21498 | Lair:3   | Gained mutation: Potions are less effective at restoring
                  | your health. [potion of mutation]
 21498 | Lair:3   | Gained mutation: You have sharp toenails. [potion of
                  | mutation]
 21498 | Lair:3   | Gained mutation: Your mind is acute. (Int +2) [potion of
                  | mutation]
 21824 | Lair:3   | HP: 2/103 [black mamba (7)]
 21829 | Lair:3   | HP: 1/103 [komodo dragon (22)]
 21829 | Lair:3   | Mangled by a black mamba

Illustrated notes

Levels and vault maps discovered:
D:1:      wander_arrival_desolate, layout_basic,
          dilly_ecumenical_altar_fadedgnrine, ebering_dispersal_statue_hall
D:2:      layout_rooms
D:3:      layout_basic, st_stairs_4, grunt_ministairs_15, uniq_grinder
D:4:      layout_loops_ring, minmay_crystal_room
D:5:      layout_loops_ring
D:6:      layout_layer_cave, minmay_temple_entry_tees,
          chequers_serial_rivers_micro_b
D:7:      layout_layer_cave, serial_shops, shop, serial_bayou,
          serial_bayou_pond_d, serial_bayou_lagoon_b, serial_bayou_ford_a,
          serial_bayou_shore_b, minmay_increasing_density, uniq_menkaure
D:8:      layout_rooms
D:9:      layout_stronghold, orc_0_dummy, uniq_pikel
D:10:     layout_basic, xom_teletrap_fun,
          hellmonk_guarded_unrand_staff_of_battle, uniq_erolcha, uniq_joseph
D:11:     lemuel_flame_loot_2, layout_rooms, grunt_lair_entry_orc_guard_hut,
          uniq_erica
Lair:1:   layout_gridlike, gammafunk_ghost_ooze
Lair:2:   wad_woods_settlement, layout_regular_city
Lair:3:   layout_regular_city, minmay_shoals_entry_hut,
          minmay_snake_entry_six_corridors, hibernation_bobbens,
          infiniplex_staircase_pool_2

Skill      XL: |  1  2  3  4  5  6  7  8  9 10 11 12 |
---------------+-------------------------------------+-----
Fighting       | 2 3 4 5 6 7 8 |  8.3
Dodging        | 3 4 5 6 7 8 |  8.5
Long Blades    | 3 4 5 6 7 8 |  8.6
Armour         | 1 2 3 4 5 6 7 8 |  8.0
Spellcasting   | 1 2 3 4 5 6 7 |  7.2
Conjurations   | 1 2 3 4 5 6 7 |  7.8
Poison Magic   | 1 3 |  3.0
Air Magic      | 1 3 |  3.0
Shields        | 3 4 |  4.6
Throwing       | |  1.7

Action                   |  1- 3 |  4- 6 |  7- 9 | 10-12 || total
-------------------------+-------+-------+-------+-------++-------
Melee: Long sword        |    92 |    82 |   368 |   795 ||  1337
       Scimitar          |       |       |       |    20 ||    20
Throw: Throwing net      |       |     4 |     1 |     3 ||     8
 Cast: Mephitic Cloud    |       |       |       |    20 ||    20
       Searing Ray       |       |       |       |    14 ||    14
Evoke: Wand              |       |       |       |     9 ||     9
  Use: Scroll            |     5 |     8 |     9 |     8 ||    30
       Potion            |       |       |       |     4 ||     4
 Stab: Sleeping          |     2 |       |     1 |     5 ||     8
       Distracted        |     1 |       |       |     1 ||     2
       Held in net/web   |       |       |     1 |     1 ||     2
       Confused          |       |       |       |    21 ||    21
Armor: Leather armour    |    37 |    21 |    43 |       ||   101
       Robe              |       |       |    75 |   236 ||   311
Dodge: Dodged            |    69 |    67 |   223 |   681 ||  1040
Block: Other             |       |     1 |    88 |   187 ||   276
       Reflection        |       |       |     4 |     7 ||    11
       Rpst.: Long sword |    31 |    15 |    66 |   179 ||   291
       Scimitar          |       |       |       |     4 ||     4

Table legend: (Time is in decaauts)
 A = Elapsed time spent in this place.
 B = Non-inter-level travel time spent in this place.
 C = Inter-level travel time spent in this place.
 D = Time resting spent in this place.
 E = Time spent auto-exploring this place.
 F = Levels seen in this place.
 G = Mean time per level.
                   A        B        C        D        E       F      G
               +--------+--------+--------+--------+--------+-----+--------+
         Total |  21976 |  21255 |    721 |   6772 |  10852 |  15 | 1465.1 |
       Dungeon |  16785 |  16148 |    637 |   4758 |   8751 |  11 | 1525.9 |
          Lair |   5168 |   5084 |     84 |   2014 |   2101 |   3 | 1722.7 |
         Abyss |     22 |     22 |      0 |      0 |      0 |   1 |   22.0 |
               +--------+--------+--------+--------+--------+-----+--------+

Top non-repeatable levels by time:
     D:7: 2384 daAuts
     D:9: 2371 daAuts
    D:10: 2237 daAuts
  Lair:2: 2189 daAuts
  Lair:1: 2176 daAuts
     D:6: 2069 daAuts
     D:5: 1475 daAuts
    D:11: 1448 daAuts
     D:3: 1215 daAuts
     D:8: 1130 daAuts
     D:1: 968 daAuts
  Lair:3: 803 daAuts
     D:2: 781 daAuts
     D:4: 703 daAuts
 Abyss:1: 22 daAuts
